 Dungeon Crawl Stone Soup version 0.24.0-123-gd5b16e6ec5 (webtiles) character file.

Game seed: 16999058420113587880, levelgen mode: deterministic

234 ReteAZ the Chopper (level 5, -2/75 HPs)
             Began as a Deep Dwarf Fighter on Jan 4, 2020.
             Slain by a two-headed ogre
             ... wielding a +3 dire flail
              (11 damage)
             ... on level 4 of the Dungeon.
             The game lasted 00:03:38 (1221 turns).

ReteAZ the Chopper (Deep Dwarf Fighter)             Turns: 1221, Time: 00:03:38

Health: -2/75      AC: 22    Str: 21    XL:     5   Next: 75%
Magic:  5/5        EV:  2    Int:  8    God:
Gold:   73         SH: 11    Dex: 12    Spells: 4/4 levels left

rFire    . . .     SeeInvis .   p - +0 hand axe (chop)
rCold    . . .     Gourm    .   c - +1 shield
rNeg     + + +     Faith    .   (armour currently unavailable)
rPois    +         Spirit   .   (helmet currently unavailable)
rElec    .         Reflect  .   (cloak currently unavailable)
rCorr    .         Harm     .   (gloves currently unavailable)
MR       .....     NoTele   +   (boots currently unavailable)
Stlth    +.........             (no amulet)
HPRegen  0.00/turn              (no ring)
MPRegen  0.09/turn              (no ring)

@: tree-form, non-regenerating
A: damage resistance, heal wounds, sense surroundings 1, no regeneration
a: Heal Wounds


You were on level 4 of the Dungeon.
You were not hungry.
You were a tree.
You visited 1 branch of the dungeon, and saw 4 of its levels.

You collected 73 gold pieces.

Inventory:

Hand Weapons
 a - a +0 war axe
 p - a +0 hand axe of chopping (weapon)
Missiles
 i - 50 stones (quivered)
Armour
 b - a +0 scale mail
 c - a +1 shield (worn)
 h - a +1 chain mail of poison resistance (melded)
 o - a +0 cloak (melded)
Scrolls
 g - a scroll of remove curse
 j - a scroll of enchant armour
Potions
 e - a potion of heal wounds {unknown}
 k - a potion of ambrosia {unknown}
 l - a potion of cancellation {unknown}
 n - 2 potions of degeneration {unknown}
Comestibles
 f - 4 rations
 m - 2 chunks of flesh


   Skills:
 + Level 3.7 Fighting
 * Level 5.0 Axes
 - Level 3.2 Armour
 + Level 4.5 Shields


You had 4 spell levels left.
You didn't know any spells.
Your spell library was empty.

Dungeon Overview and Level Annotations

Branches:
Dungeon (4/15)
 Temple: D:4-7

Altars:
Nemelex Xobeh


Innate Abilities, Weirdness & Mutations

You are resistant to damage.
You can heal yourself by infusing magical energy.
You passively map a small area around you.
You do not regenerate.


Message History

The two-headed ogre hits you but does no damage.
Some of the chunks of flesh in your inventory have rotted away.
You barely miss the two-headed ogre.
The two-headed ogre is lightly wounded.
The two-headed ogre hits you but does no damage.
The two-headed ogre hits you with a +0 giant club!
You hit the two-headed ogre.
The two-headed ogre is lightly wounded.
The two-headed ogre hits you but does no damage.
The two-headed ogre hits you with a +0 giant club.
You hit the two-headed ogre.
The two-headed ogre is lightly wounded.
The two-headed ogre hits you with a +3 dire flail!
* * * LOW HITPOINT WARNING * * *
The two-headed ogre hits you with a +0 giant club.
* * * LOW HITPOINT WARNING * * *
You hit the two-headed ogre.
The two-headed ogre is moderately wounded.
The two-headed ogre hits you with a +3 dire flail!
You die...

#.###.##.###.#.#
*.###.. #.#
#....# #.#.#*
*#. #.# ###..#
#.... # #.# #..#
###.## #.# ##..#
#.. #.#
##...##### ##
#.# #.#.......
#.# ##.#.#####
#.# ##)♣# , #.#
##O# **#[. * #.#
* * , , ..., * *
$.... * ,*
#.##..#* * * #.
..., , * #. .###
* * # .#


You could see a two-headed ogre.

Vanquished Creatures
  Duvessa (D:4)
  Dowan (D:4)
  2 adders (D:2)
  A gnoll (D:2)
  An ooze (D:1)
  A worm (D:4)
  A dart slug (D:2)
  A leopard gecko (D:1)
  3 orcs (D:4)
  3 goblins (D:2)
  7 hobgoblins
  4 jackals (D:2)
  7 bats
  A frilled lizard (D:2)
  5 kobolds
  A rat (D:2)
40 creatures vanquished.

Notes
Turn   | Place    | Note
-------+----------+-------------------------------------------
     0 | D:1      | ReteAZ the Deep Dwarf Fighter began the quest for the Orb.
     0 | D:1      | Reached XP level 1. HP: 20/20 MP: 1/1
    73 | D:1      | Reached XP level 2. HP: 25/27 MP: 2/2
   442 | D:1      | Reached skill level 3 in Axes
   740 | D:2      | Reached XP level 3. HP: 32/34 MP: 3/3
   956 | D:2      | Found a sparkling altar of Nemelex Xobeh.
  1019 | D:2      | Reached XP level 4. HP: 34/42 MP: 4/4
  1127 | D:4      | Noticed Dowan
  1129 | D:4      | Noticed Duvessa
  1137 | D:4      | Killed Duvessa
  1137 | D:4      | Reached skill level 4 in Axes
  1137 | D:4      | Reached XP level 5. HP: 32/49 MP: 5/5
  1142 | D:4      | Killed Dowan
  1142 | D:4      | Reached skill level 5 in Axes
  1214 | D:4      | Noticed a two-headed ogre
  1221 | D:4      | Slain by a two-headed ogre

Levels and vault maps discovered:
D:1:      dpeg_arrival_orchard, layout_basic, bh_walls_and_bars
D:2:      layout_rooms, marbit_many_paths, overflow_temple_1_default, tgw_xom,
          first_ration, minmay_quantized
D:3:      layout_basic, lemuel_flame_loot_1
D:4:      layout_loops_ring, uniq_duvessa

Skill      XL: |  1  2  3  4  5 |
---------------+----------------+-----
Axes           | 3 4 5 |  5.0
Fighting       | 3 |  3.7
Shields        | 4 |  4.5
Armour         | |  3.2

Action                   |  1- 3 |  4- 6 || total
-------------------------+-------+-------++-------
Melee: War axe           |    90 |    42 ||   132
       Hand axe          |       |     5 ||     5
Throw: Stone             |    25 |     4 ||    29
  Use: Scroll            |       |     3 ||     3
       Potion            |       |     2 ||     2
  Eat: Chunk             |       |     1 ||     1
Armor: Scale mail        |    58 |    13 ||    71
       Skin              |       |     3 ||     3
Dodge: Dodged            |    43 |     8 ||    51
Block: Shield            |    55 |    18 ||    73
